 Dungeon Crawl Stone Soup version 0.31-a0-549-gf98fd537a9 (webtiles) character file.

Game seed: 16828619666593378903

749 AdnanSaban the Cudgeller (level 7, 0/44 HPs)
             Began as a Gargoyle Fighter on Aug 16, 2023.
             Killed by divine providence
             ... invoked by an orc priest
              (10 damage)
             ... on level 5 of the Dungeon.
             The game lasted 00:03:58 (3922 turns).

AdnanSaban the Cudgeller (Gargoyle Fighter)         Turns: 3922, Time: 00:03:58

Health: 0/44       AC: 13    Str: 27    XL:     7   Next: 78%
Magic:  7/7        EV: 10    Int:  9    God:
Gold:   247        SH:  4    Dex:  9    Spells: 6/6 levels left

rFire   . . .        w - +0 flail (protect)
rCold   . . .        c - +0 buckler
rNeg    + . .        b - +0 scale mail
rPois   ∞            y - +0 helmet
rElec   +            (no cloak)
rCorr   .            (no gloves)
SInv    .            (no boots)
Will    .....        (no amulet) Stlth
                     f - +6 ring of strength
HPRegen 0.27/turn    (no ring)
MPRegen 0.10/turn

%: no passive effects
@: no status effects
A: sickness immunity, AC +4, negative energy resistance 1, electricity
resistance, torment resistance 1, petrification resistance
a: no special abilities


You were on level 5 of the Dungeon.
You visited 2 branches of the dungeon, and saw 6 of its levels.

You collected 247 gold pieces.

Inventory:

Hand Weapons
 w - a +0 flail of protection (weapon)
Missiles
 i - 6 boomerangs
 k - 16 poisoned darts
 t - a throwing net
Armour
 b - a +0 scale mail (worn)
 c - a +0 buckler (worn)
 y - a +0 helmet (worn)
Jewellery
 a - an amulet of faith
 f - a +6 ring of strength (left hand)
 r - a ring of positive energy
 A - a +5 ring of evasion
Scrolls
 h - a scroll of vulnerability {unknown}
 j - a scroll of blinking {unknown}
 l - 5 scrolls of identify {unknown}
 m - 2 scrolls of teleportation {unknown}
 n - a scroll of torment {unknown}
 p - a scroll of acquirement {unknown}
 x - a scroll of butterflies {unknown}
 z - a scroll of brand weapon {unknown}
Potions
 d - a potion of might
 e - 2 potions of heal wounds {unknown}
 g - a potion of invisibility {unknown}
 o - 5 potions of lignification {unknown}
 q - a potion of cancellation {unknown}
 s - a potion of curing {unknown}
 u - 2 potions of brilliance {unknown}
 v - a potion of attraction {unknown}


   Skills:
 + Level 4.7 Fighting
 + Level 6.1 Maces & Flails
 + Level 5.0 Armour
 + Level 1.7 Dodging
 + Level 0.2 Stealth
 + Level 4.3 Shields


You had 6 spell levels left.
You didn't know any spells.
Your spell library contained the following spells:

 Spells                   Type           Power      Damage    Failure   Level
 Frozen Ramparts          Ice            0%         1d1       97%         3
 Hailstorm                Conj/Ice       0%         3d3       97%         3
 Ignite Poison            Fire/Tmut/Pois 0%         N/A       97%         3
 Petrify                  Tmut/Erth      0%         N/A       100%        4
 Summon Ice Beast         Ice/Summ       0%         N/A       100%        4
 Freezing Cloud           Conj/Ice/Air   0%         6-21      100%        5
 Metabolic Englaciation   Hex/Ice        0%         N/A       100%        5
 Simulacrum               Ice/Necr       0%         N/A       100%        6
 Cigotuvi's Dreadful Rot  Necr/Pois/Air  Unusable   N/A       N/A         2

Dungeon Overview and Level Annotations

Branches:
Dungeon (5/15)             Temple (1/1) D:4

Altars:
Ashenzari
Cheibriados
Dithmenos
Elyvilon
Fedhas
Hepliaklqana
Makhleb
Nemelex Xobeh
Qazlal
Ru
Sif Muna
Trog
Uskayaw
Xom
Zin
The Shining One


Innate Abilities, Weirdness & Mutations

You are immune to sickness and miasma.
Your stone body is resilient. (AC +4)
You are immune to poison.
You resist negative energy. (rN+)
You are resistant to electric shocks. (rElec)
You are resistant to unholy torment.
You are immune to petrification.


Message History

You closely miss the orc. The orc hits you with a +0 falchion.
The orc priest casts a cantrip, but nothing happens.
You sock the orc!
You kill the orc!
The steam dragon breathes steam at you. The ball of steam hits you.
You hear a shout!
No reachable target in view!
No reachable target in view!
No reachable target in view!
No reachable target in view!
No reachable target in view!
No reachable target in view!
No reachable target in view!
No reachable target in view!
No reachable target in view!
No reachable target in view!
No reachable target in view!
No reachable target in view!
No reachable target in view!
No reachable target in view!
No reachable target in view!
No reachable target in view!
No reachable target in view!
No reachable target in view!
No reachable target in view!
You are engulfed in a cloud of scalding steam.
You are engulfed in a cloud of scalding steam.
The steam dragon breathes steam at you. The ball of steam hits you!
The steam dragon breathes steam at you. The ball of steam hits you!
* * * LOW HITPOINT WARNING * * *
You are engulfed in a cloud of scalding steam.
An orc comes into view. It is wielding a +0 flail.
You are engulfed in a cloud of scalding steam.
The orc shouts!
The orc priest calls down the wrath of Beogh upon you.
Beogh smites you!
You die...

#D#######$###o..#
#o# #.# #
##§######...
#.§§......#..
#.D######...## #.#
#.§# ## ## #.# #..#
#.# #..# #.# #@.#
##.## #..#
###...##########o.##
...................#
###)..####..<>....##
#...## ##.###†#.##
##...####...##.#.#
.......#.....#.#.#
...............#.#


You could see a steam dragon, an orc priest and an orc.

Vanquished Creatures
  A centaur (D:3)
  A phantom (D:4)
  2 scorpions (D:5)
  2 jellies
  Terence (D:3)
  An orc wizard (D:5)
  12 gnolls
  14 adders
  A worm (D:2)
  A dart slug (D:2)
  12 orcs
  6 bats
  9 endoplasms
  5 giant cockroaches
  14 goblins
  2 hobgoblins (D:2)
  6 jackals
  A quokka (D:2)
  12 ball pythons
  A frilled lizard (D:2)
  8 kobolds
  8 rats
120 creatures vanquished.

Notes
Turn   | Place    | Note
-------+----------+-------------------------------------------
     0 | D:1      | AdnanSaban the Gargoyle Fighter began the quest for the
                  | Orb.
     0 | D:1      | Reached XP level 1. HP: 14/14 MP: 1/1
   220 | D:1      | Reached XP level 2. HP: 19/19 MP: 2/2
   235 | D:1      | Found a faded altar of an unknown god.
   569 | D:2      | Reached XP level 3. HP: 24/24 MP: 3/3
   769 | D:2      | HP: 1/24 [gnoll/+0 flail (2)]
   868 | D:2      | Reached skill level 3 in Maces & Flails
   868 | D:2      | Reached XP level 4. HP: 28/29 MP: 4/4
  1247 | D:2      | Reached XP level 5. HP: 30/33 MP: 5/5
  1641 | D:3      | Noticed Terence
  1647 | D:3      | Killed Terence
  1726 | D:3      | Reached skill level 1 in Dodging
  1738 | D:3      | Reached skill level 4 in Maces & Flails
  1837 | D:3      | Reached XP level 6. HP: 38/38 MP: 6/6
  1868 | D:3      | Found a shadowy altar of Dithmenos.
  3010 | D:3      | Reached skill level 5 in Maces & Flails
  3010 | D:3      | Reached XP level 7. HP: 42/44 MP: 7/7
  3207 | D:4      | Found a glowing silver altar of Zin.
  3330 | D:4      | Found a hide-covered altar of Uskayaw.
  3332 | D:4      | Noticed a +0 dagger
  3332 | D:4      | Noticed a +0 dagger
  3714 | D:4      | Found a staircase to the Ecumenical Temple.
  3723 | Temple   | Entered the Ecumenical Temple
  3760 | D:5      | Entered Level 5 of the Dungeon
  3815 | D:5      | Reached skill level 5 in Armour
  3851 | D:5      | Reached skill level 6 in Maces & Flails
  3894 | D:5      | Noticed a steam dragon
  3922 | D:5      | Killed from afar by an orc priest

Illustrated notes

Levels and vault maps discovered:
D:1:      nagdon_arrival_double_spiral, layout_rooms, basic_ecumenical_altar,
          chequers_garden, grunt_decor_fettered, hangedman_decor_opposing
D:2:      kennysheep_six_static_rooms, layout_basic
D:3:      layout_basic, grunt_dithmenos_smoke_and_mirrors, minmay_snake_closets,
          uniq_terence
D:4:      layout_basic, zin_treasury, dancing_weapons_uskayaw,
          minmay_temple_entry_poolview, interstate_on_off,
          hangedman_abyss_or_decor_lesser_grid
D:5:      layout_loops_ring, uniq_crazy_yiuf_cottage
Temple:   nicolae_temple_bog_church

Skill      XL: |  1  2  3  4  5  6  7 |
---------------+----------------------+-----
Maces & Flails | 3 4 5 6 |  6.1
Fighting       | 4 |  4.7
Armour         | 4 5 |  5.0
Dodging        | 1 |  1.7
Shields        | 4 |  4.3
Stealth        | |  0.2

Action                     |  1- 3 |  4- 6 |  7- 9 || total
---------------------------+-------+-------+-------++-------
  Melee: Flail             |    76 |   251 |    83 ||   410
 Armour: Scale mail        |    28 |   157 |    59 ||   244
  Dodge: Dodged            |    37 |   180 |    36 ||   253
  Block: Buckler           |    16 |    75 |    20 ||   111

Table legend: (Time is in decaauts)
 A = Elapsed time spent in this place.
 B = Non-inter-level travel time spent in this place.
 C = Inter-level travel time spent in this place.
 D = Time resting spent in this place.
 E = Time spent auto-exploring this place.
 F = Levels seen in this place.
 G = Mean time per level.
                   A        B        C        D        E       F      G
               +--------+--------+--------+--------+--------+-----+--------+
         Total |   4049 |   3862 |    187 |     88 |   2813 |   6 |  674.8 |
       Dungeon |   4048 |   3861 |    187 |     88 |   2813 |   5 |  809.6 |
        Temple |      1 |      1 |      0 |      0 |      0 |   1 |    1.0 |
               +--------+--------+--------+--------+--------+-----+--------+

Top non-repeatable levels by time:
     D:3: 1455 daAuts
     D:2: 1016 daAuts
     D:4: 707 daAuts
     D:1: 702 daAuts
     D:5: 165 daAuts
  Temple: 1 daAuts
